 Dungeon Crawl Stone Soup version 0.27-a0-926-g0e6d912 (webtiles) character file.

Game seed: 18344756644612799470

360 Nithhogg the Skirmisher (level 6, 0/49 HPs)
             Began as a Demonspawn Fighter on Apr 9, 2021.
             Slain by a wraith (2 damage)
             ... in an ossuary.
             The game lasted 00:04:51 (3972 turns).

Nithhogg the Skirmisher (Demonspawn Fighter)        Turns: 3972, Time: 00:04:52

Health: 0/49       AC: 11    Str: 18    XL:     6   Next: 38%
Magic:  6/6        EV:  7    Int:  9    God:
Gold:   127        SH: 14    Dex: 13    Spells: 5/5 levels left

rFire    . . .     SeeInvis .   a - +1 long sword
rCold    . . .     Faith    .   c - +0 kite shield
rNeg     . . .     Spirit   .   b - +0 scale mail
rPois    .         Reflect  +   (no helmet)
rElec    .         Harm     .   (no cloak)
rCorr    .         Rampage  .   (no gloves)
Will     .....                  (no boots)
Stlth    ..........             l - amulet of reflection
HPRegen  0.16/turn              e - +4 ring of protection
MPRegen  0.10/turn              (no ring)

@: flying, slowed, very slow
A: claws 1, powered by death 1, powered by pain 2
a: no special abilities


You were in an ossuary.
You visited 1 branch of the dungeon, and saw 4 of its levels.
You also visited: Ossuary.

You collected 127 gold pieces.

Inventory:

Hand Weapons
 a - a +1 long sword (weapon)
 n - a +2 dagger of venom
Armour
 b - a +0 scale mail (worn)
 c - a +0 kite shield (worn)
Jewellery
 e - a +4 ring of protection (left claw)
 l - an amulet of reflection (around neck)
Scrolls
 o - a scroll of immolation {unknown}
 p - 2 scrolls of identify {unknown}
 q - a scroll of teleportation {unknown}
Potions
 f - a potion of mutation {unknown}
 g - a potion of berserk rage {unknown}
 j - a potion of flight


   Skills:
 + Level 4.4 Fighting
 + Level 3.4 Long Blades
 + Level 4.0 Armour
 + Level 4.0 Shields


You had 5 spell levels left.
You didn't know any spells.
Your spell library was empty.

Dungeon Overview and Level Annotations

Branches:
Dungeon (4/15)            Ossuary (1/1)
 Temple: D:4-7

Altars:


Innate Abilities, Weirdness & Mutations

You have sharp fingernails.
You regenerate a little health from kills.
You sometimes gain power by taking damage.


Message History

The wraith hits you.
* * * LOW HITPOINT WARNING * * *
The wraith barely misses you.
You hit the wraith.
The wraith is almost destroyed.
You block the wraith's attack. The wraith hits you!
* * * LOW HITPOINT WARNING * * *
The wraith drains your vigour!
You feel as though you will be slow longer.
You block the wraith's attack.
You feel better. You block the wraith's attack.
You hit the wraith.
The wraith is almost destroyed.
You block the wraith's attack. The wraith hits you!
* * * LOW HITPOINT WARNING * * *
The wraith drains your vigour!
You feel as though you will be slow longer.
Okay, then.
You block the wraith's attack. You block the wraith's attack.
The wraith hits you.
* * * LOW HITPOINT WARNING * * *
The wraith drains your vigour!
You feel as though you will be slow longer.
You block the wraith's attack.
It was a potion of flight.
You feel very buoyant.
You fly up into the air.
You block the wraith's attack.
You hit the wraith but do no damage.
The wraith is almost destroyed.
The wraith barely misses you.
You riposte.
Your shield prevents you from hitting the wraith.
The wraith is almost destroyed.
You block the wraith's attack.
You closely miss the wraith.
The wraith is almost destroyed.
The wraith hits you.
* * * LOW HITPOINT WARNING * * *
The wraith hits you.
You die...

#####+#####
#.........##
#...##'##...## .
.##...##...## .
##.!!..##...# ..
#..?!?!.#...+
...##.!!..##W..#
#...##...##@..##
#...#####...## .
#.........##...
..#####'#####....
.................
.................
######'''########
#...#### +...'..#


You could see a wraith.

Vanquished Creatures
  An elf skeleton (D:4)
  A hound (D:3)
  2 human skeletons (D:4)
  An orc wizard (D:3)
  A mummy (Ossuary)
  4 gnolls
  2 adders (D:3)
  7 worms
  3 dart slugs
  10 orcs (D:3)
  3 ball pythons
  8 endoplasms
  6 giant cockroaches
  7 hobgoblins
  10 jackals
  2 quokkas (D:2)
  3 bats
  3 frilled lizards
  2 gnoll skeletons (Ossuary)
  7 goblins
  3 kobolds
  3 kobold skeletons (Ossuary)
  7 orc skeletons
  6 rats
102 creatures vanquished.

Vanquished Creatures (others)
  A kobold (D:3)
1 creature vanquished.

Grand Total: 103 creatures vanquished

Notes
Turn   | Place    | Note
-------+----------+-------------------------------------------
     0 | D:1      | Nithhogg the Demonspawn Fighter began the quest for the
                  | Orb.
     0 | D:1      | Reached XP level 1. HP: 18/18 MP: 1/1
   134 | D:1      | Gained mutation: You sometimes gain a little power by
                  | taking damage. [demonic ancestry]
   134 | D:1      | Reached XP level 2. HP: 24/24 MP: 2/2
   454 | D:1      | Reached XP level 3. HP: 22/29 MP: 3/3
  1414 | D:1      | Gained mutation: You have sharp fingernails. [demonic
                  | ancestry]
  1414 | D:1      | Reached XP level 4. HP: 21/35 MP: 4/4
  2210 | D:2      | Found a faded altar of an unknown god.
  2617 | D:3      | Gained mutation: You regenerate a little health from kills.
                  | [demonic ancestry]
  2617 | D:3      | Reached XP level 5. HP: 25/42 MP: 5/5
  3819 | D:4      | Gained mutation: You sometimes gain power by taking damage.
                  | [demonic ancestry]
  3819 | D:4      | Reached XP level 6. HP: 41/48 MP: 6/6
  3861 | D:4      | Found a sand-covered staircase.
  3869 | Ossuary  | Entered an ossuary
  3869 | Ossuary  | Noticed a wraith
  3869 | Ossuary  | Noticed a wraith
  3869 | Ossuary  | Noticed a wraith
  3926 | Ossuary  | Noticed a wraith
  3972 | Ossuary  | HP: 2/49 [wraith (5)]
  3972 | Ossuary  | Slain by a wraith

Illustrated notes

Levels and vault maps discovered:
D:1:      sevenhm_arrival_forest_fort_small_5, layout_basic
D:2:      layout_loops_ring, ebering_ecumenical_altar_abandoned
D:3:      minmay_spotlight, layout_rooms, st_stairs_3
D:4:      layout_loops_corners, kiku_gazebo_pond_becter,
          nicolae_ossuary_entry_catacombs, uniq_crazy_yiuf_cottage
Ossuary:  ossuary_due_mausoleum

Skill      XL: |  1  2  3  4  5  6 |
---------------+-------------------+-----
Long Blades    | 2 3 |  3.4
Shields        | 3 4 |  4.0
Armour         | 3 4 |  4.0
Fighting       | 4 |  4.4

Action                   |  1- 3 |  4- 6 || total
-------------------------+-------+-------++-------
Melee: Long sword        |   120 |   284 ||   404
  Use: Scroll            |       |     4 ||     4
       Potion            |       |     4 ||     4
Armor: Scale mail        |   102 |    96 ||   198
Dodge: Dodged            |    54 |    72 ||   126
Block: Kite shield       |   101 |   231 ||   332
       Reflection        |       |     5 ||     5
       Rpst.: Long sword |    16 |    25 ||    41

Table legend: (Time is in decaauts)
 A = Elapsed time spent in this place.
 B = Non-inter-level travel time spent in this place.
 C = Inter-level travel time spent in this place.
 D = Time resting spent in this place.
 E = Time spent auto-exploring this place.
 F = Levels seen in this place.
 G = Mean time per level.
                   A        B        C        D        E       F      G
               +--------+--------+--------+--------+--------+-----+--------+
         Total |   4199 |   4091 |    108 |    720 |   2349 |   5 |  839.8 |
       Dungeon |   4062 |   3954 |    108 |    720 |   2314 |   4 | 1015.5 |
       Ossuary |    136 |    136 |      0 |      0 |     35 |   1 |  136.0 |
               +--------+--------+--------+--------+--------+-----+--------+

Top non-repeatable levels by time:
     D:1: 1586 daAuts
     D:2: 1249 daAuts
     D:3: 1041 daAuts
     D:4: 185 daAuts
 Ossuary: 136 daAuts
